Panthers vs Sabres (R4)

Created - 12 mars 2021 at 21:25

Goals
1 2 3 OT1 T
Panthers 0 0 2 0 2
Sabres 2 0 0 1 3
Shots
1 2 3 OT1 T
Panthers 16 13 5 0 34
Sabres 7 15 6 3 31

1st period

1. Sabres , Elias Lindholm 35 (Tyler Seguin 28, Kris Letang 44) at 3:53
2. Sabres , Luke Glendening 9 (Lars Eller 10, Jonathan Drouin 9) at 4:19

Penalties :
Adam Pelech (BUF) for Holding (Minor) at 8:10, Alex Ovechkin (FLA) for Hooking (Minor) at 15:28

2nd period

No Goal

Penalties :
Rasmus Dahlin (BUF) for Roughing (Minor) at 0:17, Charlie McAvoy (FLA) for Tripping (Minor) at 5:55, Jeff Petry (FLA) for Holding (Minor) at 11:41, Jimmy Vesey (BUF) for Cross-checking (Minor) at 14:04

3rd period

3. Panthers , Quinn Hughes 11 (Alex Ovechkin 32, Philipp Grubauer) at 5:21 (PP)
4. Panthers , Jean-Gabriel Pageau 21 (Charlie McAvoy 30, Oskar Sundqvist 9) at 7:43

Penalties :
Jean-Gabriel Pageau (FLA) for Hooking (Minor) at 2:40, Adam Pelech (BUF) for Hooking (Minor) at 5:07, Matthew Tkachuk (FLA) for Goalie Interference (Minor) at 9:08, Zdeno Chara (FLA) for Roughing (Minor) at 15:06, Matthew Tkachuk (FLA) for Holding (Minor) at 17:35

Overtime #1

5. Sabres , Kris Letang 22 (Leon Draisaitl 48, Ryan Nugent-Hopkins 46) at 3:06

Penalties :
No Penalty

Goalie Stats

Philipp Grubauer (FLA), 28 saves from 31 shots - (0,903), OTL, 9-2-5, 63:07 minutes
Matt Murray (BUF), 32 saves from 34 shots - (0,941), W, 39-14-6, 63:07 minutes

Players Stats for Panthers

Player Name              G  A  P  +/- PIM S  H  SB GA TA FO     MP     PP MP  PK MP  
------------------------------------------------------------------------------------
Aleksander Barkov        0  0  0  -2  0   6  0  0  0  0  21/29  20:23   3:12   2:41 
Alex Ovechkin            0  1  1  -2  2   2  0  0  0  0  1/1    18:28   2:59   1:10 
Andrew Copp              0  0  0   1  0   1  0  0  0  0  0/0     9:31   0:00   1:15 
Charlie McAvoy           0  1  1   1  2   1  1  2  0  0  0/0    13:23   0:00   3:53 
Colton Parayko           0  0  0  -1  0   1  2  0  0  0  0/0    20:18   3:06   0:16 
Derek Grant              0  0  0   0  0   2  0  0  0  0  3/5     9:54   0:00   3:46 
Dylan Larkin             0  0  0  -1  0   3  0  0  0  0  10/17  17:00   2:59   0:00 
Jean-Gabriel Pageau      1  0  1   1  2   1  1  0  0  0  16/27  15:59   0:00   7:07 
Jeff Petry               0  0  0  -1  2   3  3  1  0  0  0/0    24:43   3:05   5:00 
Jonathan Huberdeau       0  0  0  -1  0   1  1  0  0  0  1/2    16:46   3:12   0:00 
Matt Calvert             0  0  0   0  0   0  2  0  0  0  0/0     9:54   0:00   3:46 
Matthew Tkachuk          0  0  0  -1  4   5  2  0  0  0  1/1    16:13   3:12   0:00 
Nate Thompson            0  0  0   0  0   1  0  0  0  0  3/6     6:08   0:00   0:00 
Oskar Sundqvist          0  1  1   1  0   1  0  0  0  0  0/0    16:33   0:00   8:17 
Quinn Hughes             1  0  1  -2  0   2  2  3  0  0  0/0    26:26   3:05   7:42 
Samuel Girard            0  0  0  -1  0   0  2  0  0  0  0/0    21:16   3:06   4:20 
Sebastian Aho            0  0  0  -1  0   4  2  0  0  0  1/2    15:44   2:59   0:00 
Zdeno Chara              0  0  0   1  2   0  0  2  0  0  0/0    16:42   0:00   6:19 

Players Stats for Sabres

Player Name              G  A  P  +/- PIM S  H  SB GA TA FO     MP     PP MP  PK MP  
------------------------------------------------------------------------------------
Adam Pelech              0  0  0   1  4   0  0  0  0  0  0/0     9:52   0:00   0:00 
Dmitry Orlov             0  0  0  -1  0   0  4  1  0  0  0/0    19:43   0:00   2:54 
Elias Lindholm           1  0  1   1  0   1  1  0  0  0  10/29  23:02   6:03   2:31 
Erik Gustafsson          0  0  0   1  0   1  0  0  0  0  0/0    19:22   6:50   2:38 
Jimmy Vesey              0  0  0  -1  2   0  0  0  0  0  0/0     4:08   0:00   0:00 
Jonathan Drouin          0  1  1   1  0   2  0  0  0  0  0/1    10:22   0:00   0:00 
Kevin Fiala              0  0  0   1  0   2  1  0  0  0  1/2    20:31   6:03   0:00 
Kris Letang              1  1  2   2  0   4  3  2  0  0  0/0    29:19   7:03   3:47 
Lars Eller               0  1  1   1  0   2  0  0  0  0  4/14   12:21   0:00   1:59 
Leon Draisaitl           0  1  1   1  0   6  0  0  0  0  11/25  22:16   7:50   0:22 
Luke Glendening          1  0  1   1  0   2  2  0  0  0  1/8    14:02   0:00   3:40 
Michael Grabner          0  0  0  -1  0   2  0  0  0  0  0/0     4:09   0:00   0:00 
Nic Dowd                 0  0  0  -1  0   0  1  0  0  0  3/8     7:59   0:00   3:50 
Nikolaj Ehlers           0  0  0   0  0   0  3  0  0  0  0/0    20:21   7:50   0:00 
Rasmus Dahlin            0  0  0   1  2   2  0  0  0  0  0/0    21:10   7:03   0:55 
Rasmus Ristolainen       0  0  0  -1  0   2  2  4  0  0  0/0    23:38   6:50   2:08 
Ryan Nugent-Hopkins      0  1  1   1  0   3  1  0  0  0  1/1    21:54   7:50   0:00 
Tyler Seguin             0  1  1   1  0   2  2  0  0  0  2/2    18:57   6:03   0:00 

3 Stars

1 - Kris Letang (BUF)
2 - Luke Glendening (BUF)
3 - Elias Lindholm (BUF)

Power Play

Panthers - 1 on 4 Attempt(s) - 25,00%
Sabres - 0 on 7 Attempt(s) - 0,00%

Penalty Kill

Panthers - 7 on 7 Attempt(s) - 100,00% - Score 0 goal in Penalty Kill
Sabres - 3 on 4 Attempt(s) - 75,00% - Score 0 goal in Penalty Kill

Team Stat

Panthers - Hits : 18 - Faceoff Wins : 57 - Blocked Shots : 8 - Penalty Minutes : 14
Sabres - Hits : 20 - Faceoff Wins : 33 - Blocked Shots : 7 - Penalty Minutes : 8

Official

Referees : Jake Brenk and Andrew Wilk
Linesman : Kelsey Mahoney and Andrew Smith

Game Notes

Charlie McAvoy is injured at 12:38 of 3rd period (Left Hand)

Finance

Level 1 -- Attendance: 5685 (87,46%) -- Ticket Income 739 050 $
Level 2 -- Attendance: 4575 (91,50%) -- Ticket Income 366 000 $
Level 3 -- Attendance: 3166 (90,46%) -- Ticket Income 189 960 $
Level 4 -- Attendance: 2674 (87,10%) -- Ticket Income 80 220 $
Luxury Box -- Attendance: 1000 (100,00%) -- Ticket Income 230 000 $
Game was played at the Buffalo Pete Center.
Total Attendance: 17100 (89,67%)
Total Ticket Income: 1 605 230 $
Other Income: 786 563 $
Total Income: 2 391 793 $

% Time on Ice - Panthers

Lines # - Real PCT - Wanted PCT - Time Play
Normal Forward
1 - 32% - 33% - 12:47
2 - 32% - 33% - 12:45
3 - 21% - 24% - 8:16
4 - 15% - 10% - 6:08
Normal Defense
1 - 33% - 40% - 13:22
2 - 34% - 40% - 13:40
3 - 26% - 20% - 10:24
4 - 6% - 0% - 2:30
PP Forward
1 - 52% - 50% - 3:12
2 - 48% - 50% - 2:59
PP Defense
1 - 50% - 50% - 3:05
2 - 50% - 50% - 3:06
PK Forward
1 - 73% - 60% - 10:07
2 - 27% - 40% - 3:46
PK Defense
1 - 42% - 60% - 5:52
2 - 58% - 40% - 8:01
PK3 Forward
1 - 0% - 60%
2 - 0% - 40%
PK3 Defense
1 - 0% - 60%
2 - 0% - 40%
44 Forward
1 - 0% - 50%
2 - 0% - 50%
44 Defense
1 - 0% - 60%
2 - 0% - 40%
Last Minute Offensive  - 0:00
Last Minute Defensive  - 0:00
Total
Forward - 60:00
Defense - 60:00

% Time on Ice - Sabres

Lines # - Real PCT - Wanted PCT - Time Play
Normal Forward
1 - 31% - 38% - 12:31
2 - 32% - 37% - 12:54
3 - 26% - 20% - 10:22
4 - 10% - 5% - 4:09
Normal Defense
1 - 33% - 38% - 13:13
2 - 33% - 37% - 13:06
3 - 25% - 20% - 9:54
4 - 9% - 5% - 3:43
PP Forward
1 - 56% - 55% - 7:50
2 - 44% - 45% - 6:03
PP Defense
1 - 51% - 55% - 7:03
2 - 49% - 45% - 6:50
PK Forward
1 - 68% - 60% - 4:12
2 - 32% - 40% - 1:59
PK Defense
1 - 61% - 60% - 3:47
2 - 39% - 40% - 2:24
PK3 Forward
1 - 0% - 60%
2 - 0% - 40%
PK3 Defense
1 - 0% - 60%
2 - 0% - 40%
44 Forward
1 - 0% - 60%
2 - 0% - 40%
44 Defense
1 - 0% - 60%
2 - 0% - 40%
Last Minute Offensive  - 0:00
Last Minute Defensive  - 0:00
Total
Forward - 60:00
Defense - 60:00

Play-by-Play

1st period


0:01 of 1st period - Leon Draisaitl wins face-off versus Aleksander Barkov in neutral zone.
0:01 of 1st period - Kris Letang is hit by Matthew Tkachuk and loses puck.
0:16 of 1st period - Shot by Leon Draisaitl.
0:16 of 1st period - Stopped by Philipp Grubauer with a rebound.
1:28 of 1st period - Shot by Kevin Fiala.
1:28 of 1st period - Stopped by Philipp Grubauer without a rebound.
1:29 of 1st period - Jean-Gabriel Pageau wins face-off versus Lars Eller in Panthers zone.
2:37 of 1st period - Shot by Derek Grant.
2:37 of 1st period - Stopped by Matt Murray without a rebound.
2:38 of 1st period - Alex Ovechkin wins face-off versus Elias Lindholm in Sabres zone.
2:41 of 1st period - Shot by Dylan Larkin.
2:41 of 1st period - Deflect By Sebastian Aho.
2:41 of 1st period - Stopped by Matt Murray without a rebound.
2:42 of 1st period - Leon Draisaitl wins face-off versus Dylan Larkin in Sabres zone.
3:20 of 1st period - Shot by Rasmus Ristolainen.
3:20 of 1st period - Shot Misses the Net.
3:43 of 1st period - Shot by Kevin Fiala.
3:43 of 1st period - Shot Misses the Net.
3:50 of 1st period - Tyler Seguin is hit by Colton Parayko and loses puck.
3:53 of 1st period - Shot by Elias Lindholm.
3:53 of 1st period - Goal by Elias Lindholm - Panthers : 0 - Sabres : 1.
3:54 of 1st period - Lars Eller wins face-off versus Aleksander Barkov in neutral zone.
4:13 of 1st period - Shot by Jonathan Drouin.
4:13 of 1st period - Stopped by Philipp Grubauer with a rebound.
4:15 of 1st period - Shot by Lars Eller.
4:15 of 1st period - Shot Blocked by Quinn Hughes.
4:17 of 1st period - Shot by Lars Eller.
4:17 of 1st period - Shot Misses the Net.
4:19 of 1st period - Shot by Luke Glendening.
4:19 of 1st period - Goal by Luke Glendening - Panthers : 0 - Sabres : 2.
4:20 of 1st period - Elias Lindholm wins face-off versus Jean-Gabriel Pageau in neutral zone.
4:45 of 1st period - Shot by Andrew Copp.
4:45 of 1st period - Stopped by Matt Murray without a rebound.
4:46 of 1st period - Aleksander Barkov wins face-off versus Leon Draisaitl in Sabres zone.
4:51 of 1st period - Shot by Matthew Tkachuk.
4:51 of 1st period - Stopped by Matt Murray with a rebound.
4:53 of 1st period - Shot by Jeff Petry.
4:53 of 1st period - Shot Blocked by Rasmus Ristolainen.
5:40 of 1st period - Rasmus Ristolainen is hit by Matt Calvert and loses puck.
6:33 of 1st period - Shot by Sebastian Aho.
6:33 of 1st period - Shot Misses the Net.
6:54 of 1st period - Alex Ovechkin is hit by Rasmus Ristolainen and loses puck.
7:17 of 1st period - Shot by Quinn Hughes.
7:17 of 1st period - Shot Misses the Net.
7:30 of 1st period - Icing by Jeff Petry.
7:31 of 1st period - Lars Eller wins face-off versus Jean-Gabriel Pageau in Panthers zone.
7:45 of 1st period - Lars Eller is hit by Quinn Hughes and loses puck.
8:10 of 1st period - Minor Penalty to Adam Pelech for Holding.
8:11 of 1st period - Dylan Larkin wins face-off versus Luke Glendening in Sabres zone.
8:14 of 1st period - Shot by Dylan Larkin.
8:14 of 1st period - Stopped by Matt Murray with a rebound.
8:16 of 1st period - Shot by Samuel Girard.
8:16 of 1st period - Shot Misses the Net.
9:05 of 1st period - Icing by Jonathan Huberdeau.
9:06 of 1st period - Aleksander Barkov wins face-off versus Elias Lindholm in Panthers zone.
9:15 of 1st period - Shot by Quinn Hughes.
9:15 of 1st period - Deflect By Matthew Tkachuk.
9:15 of 1st period - Stopped by Matt Murray without a rebound.
9:16 of 1st period - Jonathan Huberdeau wins face-off versus Lars Eller in Sabres zone.
9:19 of 1st period - Shot by Jeff Petry.
9:19 of 1st period - Stopped by Matt Murray without a rebound.
9:20 of 1st period - Aleksander Barkov wins face-off versus Luke Glendening in Sabres zone.
9:23 of 1st period - Shot by Matthew Tkachuk.
9:23 of 1st period - Shot Misses the Net.
9:25 of 1st period - Shot by Aleksander Barkov.
9:25 of 1st period - Deflect By Jonathan Huberdeau.
9:25 of 1st period - Shot Misses the Net.
9:27 of 1st period - Shot by Jeff Petry.
9:27 of 1st period - Shot Misses the Net.
9:29 of 1st period - Shot by Jeff Petry.
9:29 of 1st period - Shot Misses the Net.
10:17 of 1st period - Shot by Jean-Gabriel Pageau.
10:17 of 1st period - Shot Misses the Net.
10:19 of 1st period - Shot by Jean-Gabriel Pageau.
10:19 of 1st period - Shot Misses the Net.
10:21 of 1st period - Shot by Charlie McAvoy.
10:21 of 1st period - Stopped by Matt Murray without a rebound.
10:22 of 1st period - Dylan Larkin wins face-off versus Leon Draisaitl in Sabres zone.
10:38 of 1st period - Colton Parayko is hit by Nikolaj Ehlers.
11:15 of 1st period - Icing by Adam Pelech.
11:16 of 1st period - Aleksander Barkov wins face-off versus Elias Lindholm in Sabres zone.
12:38 of 1st period - Icing by Jean-Gabriel Pageau.
12:39 of 1st period - Nic Dowd wins face-off versus Jean-Gabriel Pageau in Panthers zone.
13:14 of 1st period - Oskar Sundqvist is hit by Kris Letang and loses puck.
13:46 of 1st period - Shot by Sebastian Aho.
13:46 of 1st period - Stopped by Matt Murray without a rebound.
13:47 of 1st period - Aleksander Barkov wins face-off versus Elias Lindholm in Sabres zone.
13:48 of 1st period - Shot by Matthew Tkachuk.
13:48 of 1st period - Stopped by Matt Murray with a rebound.
13:50 of 1st period - Shot by Aleksander Barkov.
13:50 of 1st period - Stopped by Matt Murray without a rebound.
13:51 of 1st period - Aleksander Barkov wins face-off versus Elias Lindholm in Sabres zone.
13:52 of 1st period - Shot by Matthew Tkachuk.
13:52 of 1st period - Stopped by Matt Murray without a rebound.
13:53 of 1st period - Aleksander Barkov wins face-off versus Elias Lindholm in Sabres zone.
13:53 of 1st period - Aleksander Barkov is hit by Rasmus Ristolainen.
13:59 of 1st period - Shot by Aleksander Barkov.
13:59 of 1st period - Stopped by Matt Murray without a rebound.
14:00 of 1st period - Aleksander Barkov wins face-off versus Elias Lindholm in Sabres zone.
14:07 of 1st period - Shot by Jonathan Huberdeau.
14:07 of 1st period - Stopped by Matt Murray without a rebound.
14:08 of 1st period - Matthew Tkachuk wins face-off versus Elias Lindholm in Sabres zone.
14:39 of 1st period - Shot by Elias Lindholm.
14:39 of 1st period - Deflect By Kevin Fiala.
14:39 of 1st period - Shot Misses the Net.
15:08 of 1st period - Shot by Kris Letang.
15:08 of 1st period - Shot Misses the Net.
15:10 of 1st period - Shot by Leon Draisaitl.
15:10 of 1st period - Shot Misses the Net.
15:16 of 1st period - Shot by Leon Draisaitl.
15:16 of 1st period - Stopped by Philipp Grubauer without a rebound.
15:17 of 1st period - Dylan Larkin wins face-off versus Lars Eller in Panthers zone.
15:28 of 1st period - Minor Penalty to Alex Ovechkin for Hooking.
15:29 of 1st period - Jean-Gabriel Pageau wins face-off versus Leon Draisaitl in Panthers zone.
15:54 of 1st period - Shot by Leon Draisaitl.
15:54 of 1st period - Shot Blocked by Zdeno Chara.
16:00 of 1st period - Shot by Leon Draisaitl.
16:00 of 1st period - Shot Misses the Net.
16:02 of 1st period - Shot by Kris Letang.
16:02 of 1st period - Shot Blocked by Charlie McAvoy.
16:12 of 1st period - Shot by Rasmus Dahlin.
16:12 of 1st period - Shot Misses the Net.
16:52 of 1st period - Shot by Kevin Fiala.
16:52 of 1st period - Deflect By Tyler Seguin.
16:52 of 1st period - Shot Misses the Net.
17:10 of 1st period - Shot by Kris Letang.
17:10 of 1st period - Shot Blocked by Quinn Hughes.
17:12 of 1st period - Shot by Kris Letang.
17:12 of 1st period - Shot Misses the Net.
17:14 of 1st period - Shot by Kris Letang.
17:14 of 1st period - Stopped by Philipp Grubauer without a rebound.
17:15 of 1st period - Jean-Gabriel Pageau wins face-off versus Leon Draisaitl in Panthers zone.
17:31 of 1st period - Icing by Luke Glendening.
17:32 of 1st period - Dylan Larkin wins face-off versus Lars Eller in Sabres zone.
17:33 of 1st period - Shot by Sebastian Aho.
17:33 of 1st period - Stopped by Matt Murray without a rebound.
17:34 of 1st period - Dylan Larkin wins face-off versus Lars Eller in Sabres zone.
17:50 of 1st period - Off-side.
17:51 of 1st period - Elias Lindholm wins face-off versus Nate Thompson in neutral zone.
17:54 of 1st period - Shot by Kris Letang.
17:54 of 1st period - Shot Misses the Net.
18:59 of 1st period - Shot by Dylan Larkin.
18:59 of 1st period - Shot Misses the Net.
19:01 of 1st period - Shot by Dylan Larkin.
19:01 of 1st period - Stopped by Matt Murray without a rebound.
19:02 of 1st period - Leon Draisaitl wins face-off versus Aleksander Barkov in Sabres zone.
19:02 of 1st period - Nikolaj Ehlers is hit by Jonathan Huberdeau and loses puck.
19:42 of 1st period - Erik Gustafsson is hit by Jeff Petry and loses puck.
19:58 of 1st period - Quinn Hughes is hit by Kris Letang and loses puck.
Goals for this period are 0 for Panthers vs 2 for Sabres.
Shots for this period are 16 for Panthers vs 7 for Sabres.

2nd period


0:01 of 2nd period - Elias Lindholm wins face-off versus Dylan Larkin in neutral zone.
0:16 of 2nd period - Shot by Alex Ovechkin.
0:16 of 2nd period - Shot Misses the Net.
0:17 of 2nd period - Minor Penalty to Rasmus Dahlin for Roughing.
0:18 of 2nd period - Aleksander Barkov wins face-off versus Luke Glendening in Sabres zone.
0:25 of 2nd period - Shot by Jeff Petry.
0:25 of 2nd period - Stopped by Matt Murray without a rebound.
0:26 of 2nd period - Dylan Larkin wins face-off versus Luke Glendening in Sabres zone.
0:32 of 2nd period - Sebastian Aho is hit by Dmitry Orlov and loses puck.
0:53 of 2nd period - Shot by Alex Ovechkin.
0:53 of 2nd period - Stopped by Matt Murray without a rebound.
0:54 of 2nd period - Luke Glendening wins face-off versus Aleksander Barkov in Sabres zone.
1:19 of 2nd period - Shot by Matthew Tkachuk.
1:19 of 2nd period - Shot Misses the Net.
1:47 of 2nd period - Shot by Alex Ovechkin.
1:47 of 2nd period - Stopped by Matt Murray without a rebound.
1:48 of 2nd period - Lars Eller wins face-off versus Dylan Larkin in Sabres zone.
1:48 of 2nd period - Lars Eller is hit by Sebastian Aho.
1:59 of 2nd period - Alex Ovechkin is hit by Dmitry Orlov and loses puck.
2:13 of 2nd period - Alex Ovechkin is hit by Kris Letang.
2:19 of 2nd period - Shot by Sebastian Aho.
2:19 of 2nd period - Deflect By Jean-Gabriel Pageau.
2:19 of 2nd period - Shot Misses the Net.
2:30 of 2nd period - Icing by Adam Pelech.
2:31 of 2nd period - Nate Thompson wins face-off versus Leon Draisaitl in Sabres zone.
2:36 of 2nd period - Shot by Derek Grant.
2:36 of 2nd period - Deflect By Nate Thompson.
2:36 of 2nd period - Stopped by Matt Murray without a rebound.
2:37 of 2nd period - Aleksander Barkov wins face-off versus Leon Draisaitl in Sabres zone.
2:57 of 2nd period - Shot by Matthew Tkachuk.
2:57 of 2nd period - Shot Misses the Net.
3:11 of 2nd period - Shot by Rasmus Dahlin.
3:11 of 2nd period - Stopped by Philipp Grubauer without a rebound.
3:12 of 2nd period - Kevin Fiala wins face-off versus Dylan Larkin in Panthers zone.
3:34 of 2nd period - Shot by Tyler Seguin.
3:34 of 2nd period - Stopped by Philipp Grubauer without a rebound.
3:35 of 2nd period - Jean-Gabriel Pageau wins face-off versus Lars Eller in Panthers zone.
3:50 of 2nd period - Icing by Charlie McAvoy.
3:51 of 2nd period - Jean-Gabriel Pageau wins face-off versus Kevin Fiala in Panthers zone.
3:51 of 2nd period - Jean-Gabriel Pageau is hit by Tyler Seguin.
4:56 of 2nd period - Sebastian Aho is hit by Dmitry Orlov and loses puck.
5:04 of 2nd period - Nikolaj Ehlers is hit by Colton Parayko and loses puck.
5:09 of 2nd period - Shot by Leon Draisaitl.
5:09 of 2nd period - Stopped by Philipp Grubauer without a rebound.
5:10 of 2nd period - Lars Eller wins face-off versus Aleksander Barkov in Panthers zone.
5:15 of 2nd period - Shot by Jonathan Drouin.
5:15 of 2nd period - Stopped by Philipp Grubauer with a rebound.
5:23 of 2nd period - Shot by Aleksander Barkov.
5:23 of 2nd period - Stopped by Matt Murray with a rebound.
5:25 of 2nd period - Shot by Jeff Petry.
5:25 of 2nd period - Stopped by Matt Murray without a rebound.
5:26 of 2nd period - Leon Draisaitl wins face-off versus Nate Thompson in Sabres zone.
5:55 of 2nd period - Minor Penalty to Charlie McAvoy for Tripping.
5:56 of 2nd period - Jean-Gabriel Pageau wins face-off versus Elias Lindholm in Panthers zone.
6:10 of 2nd period - Shot by Rasmus Dahlin.
6:10 of 2nd period - Stopped by Philipp Grubauer without a rebound.
6:11 of 2nd period - Leon Draisaitl wins face-off versus Jean-Gabriel Pageau in Panthers zone.
7:03 of 2nd period - Icing by Elias Lindholm.
7:04 of 2nd period - Elias Lindholm wins face-off versus Derek Grant in Sabres zone.
7:20 of 2nd period - Icing by Rasmus Dahlin.
7:21 of 2nd period - Jean-Gabriel Pageau wins face-off versus Elias Lindholm in Sabres zone.
7:25 of 2nd period - Icing by Elias Lindholm.
7:26 of 2nd period - Derek Grant wins face-off versus Elias Lindholm in Sabres zone.
7:36 of 2nd period - Off-side.
7:37 of 2nd period - Leon Draisaitl wins face-off versus Jean-Gabriel Pageau in neutral zone.
7:44 of 2nd period - Shot by Ryan Nugent-Hopkins.
7:44 of 2nd period - Stopped by Philipp Grubauer with a rebound.
8:47 of 2nd period - Icing by Kris Letang.
8:48 of 2nd period - Aleksander Barkov wins face-off versus Jonathan Drouin in Sabres zone.
8:57 of 2nd period - Shot by Aleksander Barkov.
8:57 of 2nd period - Stopped by Matt Murray with a rebound.
8:59 of 2nd period - Shot by Jeff Petry.
8:59 of 2nd period - Shot Blocked by Kris Letang.
9:41 of 2nd period - Shot by Kevin Fiala.
9:41 of 2nd period - Shot Blocked by Zdeno Chara.
9:43 of 2nd period - Shot by Dmitry Orlov.
9:43 of 2nd period - Shot Misses the Net.
10:31 of 2nd period - Shot by Ryan Nugent-Hopkins.
10:31 of 2nd period - Deflect By Nikolaj Ehlers.
10:31 of 2nd period - Shot Misses the Net.
10:37 of 2nd period - Shot by Leon Draisaitl.
10:37 of 2nd period - Stopped by Philipp Grubauer without a rebound.
10:38 of 2nd period - Nic Dowd wins face-off versus Nate Thompson in Panthers zone.
10:41 of 2nd period - Shot by Michael Grabner.
10:41 of 2nd period - Stopped by Philipp Grubauer with a rebound.
10:43 of 2nd period - Shot by Michael Grabner.
10:43 of 2nd period - Stopped by Philipp Grubauer without a rebound.
10:44 of 2nd period - Nic Dowd wins face-off versus Jonathan Huberdeau in Panthers zone.
10:47 of 2nd period - Shot by Erik Gustafsson.
10:47 of 2nd period - Stopped by Philipp Grubauer without a rebound.
10:48 of 2nd period - Aleksander Barkov wins face-off versus Leon Draisaitl in Panthers zone.
11:02 of 2nd period - Colton Parayko is hit by Ryan Nugent-Hopkins and loses puck.
11:17 of 2nd period - Shot by Aleksander Barkov.
11:17 of 2nd period - Stopped by Matt Murray without a rebound.
11:18 of 2nd period - Elias Lindholm wins face-off versus Dylan Larkin in Sabres zone.
11:18 of 2nd period - Elias Lindholm is hit by Sebastian Aho.
11:33 of 2nd period - Shot by Kevin Fiala.
11:33 of 2nd period - Shot Misses the Net.
11:41 of 2nd period - Shot by Tyler Seguin.
11:41 of 2nd period - Stopped by Philipp Grubauer without a rebound.
11:41 of 2nd period - Minor Penalty to Jeff Petry for Holding.
11:42 of 2nd period - Ryan Nugent-Hopkins wins face-off versus Jean-Gabriel Pageau in Panthers zone.
12:11 of 2nd period - Shot by Kris Letang.
12:11 of 2nd period - Stopped by Philipp Grubauer without a rebound.
12:12 of 2nd period - Tyler Seguin wins face-off versus Jean-Gabriel Pageau in Panthers zone.
12:12 of 2nd period - Tyler Seguin is hit by Samuel Girard.
12:37 of 2nd period - Shot by Kevin Fiala.
12:37 of 2nd period - Stopped by Philipp Grubauer without a rebound.
12:38 of 2nd period - Leon Draisaitl wins face-off versus Jean-Gabriel Pageau in Panthers zone.
12:41 of 2nd period - Shot by Kris Letang.
12:41 of 2nd period - Shot Blocked by Quinn Hughes.
13:13 of 2nd period - Shot by Leon Draisaitl.
13:13 of 2nd period - Stopped by Philipp Grubauer without a rebound.
13:14 of 2nd period - Derek Grant wins face-off versus Elias Lindholm in Panthers zone.
14:01 of 2nd period - Shot by Luke Glendening.
14:01 of 2nd period - Stopped by Philipp Grubauer without a rebound.
14:02 of 2nd period - Aleksander Barkov wins face-off versus Nic Dowd in Panthers zone.
14:04 of 2nd period - Minor Penalty to Jimmy Vesey for Cross-checking.
14:05 of 2nd period - Aleksander Barkov wins face-off versus Luke Glendening in Sabres zone.
14:22 of 2nd period - Shot by Samuel Girard.
14:22 of 2nd period - Shot Blocked by Rasmus Ristolainen.
14:24 of 2nd period - Shot by Aleksander Barkov.
14:24 of 2nd period - Stopped by Matt Murray with a rebound.
14:26 of 2nd period - Shot by Colton Parayko.
14:26 of 2nd period - Stopped by Matt Murray without a rebound.
14:27 of 2nd period - Dylan Larkin wins face-off versus Luke Glendening in Sabres zone.
14:39 of 2nd period - Alex Ovechkin is hit by Dmitry Orlov.
14:41 of 2nd period - Shot by Quinn Hughes.
14:41 of 2nd period - Stopped by Matt Murray with a rebound.
15:05 of 2nd period - Shot by Jeff Petry.
15:05 of 2nd period - Shot Blocked by Rasmus Ristolainen.
16:19 of 2nd period - Shot by Oskar Sundqvist.
16:19 of 2nd period - Stopped by Matt Murray without a rebound.
16:20 of 2nd period - Nate Thompson wins face-off versus Lars Eller in Sabres zone.
17:26 of 2nd period - Shot by Dylan Larkin.
17:26 of 2nd period - Stopped by Matt Murray without a rebound.
17:27 of 2nd period - Aleksander Barkov wins face-off versus Elias Lindholm in Sabres zone.
17:37 of 2nd period - Icing by Elias Lindholm.
17:38 of 2nd period - Elias Lindholm wins face-off versus Jean-Gabriel Pageau in Sabres zone.
17:54 of 2nd period - Samuel Girard is hit by Elias Lindholm and loses puck.
18:36 of 2nd period - Off-side.
18:37 of 2nd period - Aleksander Barkov wins face-off versus Nic Dowd in neutral zone.
19:38 of 2nd period - Matthew Tkachuk is hit by Nikolaj Ehlers and loses puck.
19:50 of 2nd period - Icing by Jonathan Huberdeau.
19:51 of 2nd period - Elias Lindholm wins face-off versus Aleksander Barkov in Panthers zone.
19:51 of 2nd period - Elias Lindholm is hit by Quinn Hughes.
Goals for this period are 0 for Panthers vs 0 for Sabres.
Shots for this period are 13 for Panthers vs 15 for Sabres.

3rd period


0:01 of 3rd period - Tyler Seguin wins face-off versus Sebastian Aho in neutral zone.
0:49 of 3rd period - Icing by Samuel Girard.
0:50 of 3rd period - Leon Draisaitl wins face-off versus Dylan Larkin in Panthers zone.
0:56 of 3rd period - Nikolaj Ehlers is hit by Samuel Girard and loses puck.
1:41 of 3rd period - Leon Draisaitl is hit by Jeff Petry and loses puck.
2:06 of 3rd period - Shot by Jonathan Huberdeau.
2:06 of 3rd period - Shot Misses the Net.
2:08 of 3rd period - Shot by Matthew Tkachuk.
2:08 of 3rd period - Stopped by Matt Murray without a rebound.
2:09 of 3rd period - Jean-Gabriel Pageau wins face-off versus Elias Lindholm in Sabres zone.
2:40 of 3rd period - Minor Penalty to Jean-Gabriel Pageau for Hooking.
2:41 of 3rd period - Aleksander Barkov wins face-off versus Leon Draisaitl in Panthers zone.
4:17 of 3rd period - Shot by Ryan Nugent-Hopkins.
4:17 of 3rd period - Shot Blocked by Charlie McAvoy.
4:23 of 3rd period - Shot by Erik Gustafsson.
4:23 of 3rd period - Shot Misses the Net.
4:25 of 3rd period - Shot by Erik Gustafsson.
4:25 of 3rd period - Shot Misses the Net.
4:41 of 3rd period - Shot by Luke Glendening.
4:41 of 3rd period - Shot Misses the Net.
4:43 of 3rd period - Shot by Kris Letang.
4:43 of 3rd period - Deflect By Lars Eller.
4:43 of 3rd period - Stopped by Philipp Grubauer without a rebound.
4:44 of 3rd period - Derek Grant wins face-off versus Lars Eller in Panthers zone.
4:44 of 3rd period - Derek Grant is hit by Luke Glendening.
4:52 of 3rd period - Shot by Derek Grant.
4:52 of 3rd period - Shot Misses the Net.
4:54 of 3rd period - Shot by Derek Grant.
4:54 of 3rd period - Shot Misses the Net.
4:56 of 3rd period - Shot by Derek Grant.
4:56 of 3rd period - Shot Misses the Net.
4:58 of 3rd period - Shot by Matt Calvert.
4:58 of 3rd period - Shot Blocked by Kris Letang.
5:00 of 3rd period - Shot by Derek Grant.
5:00 of 3rd period - Stopped by Matt Murray without a rebound.
5:01 of 3rd period - Dylan Larkin wins face-off versus Nic Dowd in Sabres zone.
5:07 of 3rd period - Minor Penalty to Adam Pelech for Hooking.
5:08 of 3rd period - Dylan Larkin wins face-off versus Luke Glendening in Sabres zone.
5:11 of 3rd period - Shot by Alex Ovechkin.
5:11 of 3rd period - Shot Misses the Net.
5:21 of 3rd period - Shot by Quinn Hughes.
5:21 of 3rd period - Goal by Quinn Hughes - Panthers : 1 - Sabres : 2.
5:22 of 3rd period - Nate Thompson wins face-off versus Elias Lindholm in neutral zone.
5:53 of 3rd period - Shot by Kevin Fiala.
5:53 of 3rd period - Shot Misses the Net.
6:01 of 3rd period - Matt Calvert is hit by Tyler Seguin and loses puck.
7:21 of 3rd period - Shot by Sebastian Aho.
7:21 of 3rd period - Stopped by Matt Murray without a rebound.
7:22 of 3rd period - Jean-Gabriel Pageau wins face-off versus Nic Dowd in Sabres zone.
7:35 of 3rd period - Shot by Jean-Gabriel Pageau.
7:35 of 3rd period - Shot Misses the Net.
7:37 of 3rd period - Shot by Jean-Gabriel Pageau.
7:37 of 3rd period - Shot Blocked by Dmitry Orlov.
7:39 of 3rd period - Shot by Oskar Sundqvist.
7:39 of 3rd period - Deflect By Jean-Gabriel Pageau.
7:39 of 3rd period - Shot Misses the Net.
7:41 of 3rd period - Shot by Charlie McAvoy.
7:41 of 3rd period - Shot Misses the Net.
7:43 of 3rd period - Shot by Jean-Gabriel Pageau.
7:43 of 3rd period - Goal by Jean-Gabriel Pageau - Panthers : 2 - Sabres : 2.
7:44 of 3rd period - Sebastian Aho wins face-off versus Elias Lindholm in neutral zone.
7:44 of 3rd period - Colton Parayko is hit by Kevin Fiala and loses puck.
7:48 of 3rd period - Off-side.
7:49 of 3rd period - Elias Lindholm wins face-off versus Dylan Larkin in neutral zone.
9:01 of 3rd period - Shot by Ryan Nugent-Hopkins.
9:01 of 3rd period - Stopped by Philipp Grubauer without a rebound.
9:02 of 3rd period - Aleksander Barkov wins face-off versus Lars Eller in Panthers zone.
9:08 of 3rd period - Minor Penalty to Matthew Tkachuk for Goalie Interference.
9:09 of 3rd period - Jean-Gabriel Pageau wins face-off versus Leon Draisaitl in Panthers zone.
9:09 of 3rd period - Jean-Gabriel Pageau is hit by Nikolaj Ehlers.
9:31 of 3rd period - Erik Gustafsson is hit by Jean-Gabriel Pageau and loses puck.
9:35 of 3rd period - Erik Gustafsson is hit by Charlie McAvoy and loses puck.
10:36 of 3rd period - Kris Letang is hit by Matt Calvert and loses puck.
10:57 of 3rd period - Shot by Rasmus Ristolainen.
10:57 of 3rd period - Shot Misses the Net.
12:37 of 3rd period - Charlie McAvoy is hit by Nic Dowd and loses puck.
12:38 of 3rd period - Charlie McAvoy from Panthers is injured at 12:38 of 3rd period (Left Hand).
12:39 of 3rd period - Jean-Gabriel Pageau wins face-off versus Elias Lindholm in Panthers zone.
14:28 of 3rd period - Colton Parayko is hit by Luke Glendening and loses puck.
14:59 of 3rd period - Icing by Dmitry Orlov.
15:00 of 3rd period - Aleksander Barkov wins face-off versus Nic Dowd in Sabres zone.
15:06 of 3rd period - Minor Penalty to Zdeno Chara for Roughing.
15:07 of 3rd period - Leon Draisaitl wins face-off versus Jean-Gabriel Pageau in Panthers zone.
15:15 of 3rd period - Icing by Leon Draisaitl.
15:16 of 3rd period - Jean-Gabriel Pageau wins face-off versus Leon Draisaitl in Sabres zone.
16:04 of 3rd period - Off-side.
16:05 of 3rd period - Elias Lindholm wins face-off versus Jean-Gabriel Pageau in neutral zone.
16:08 of 3rd period - Shot by Rasmus Ristolainen.
16:08 of 3rd period - Stopped by Philipp Grubauer without a rebound.
16:09 of 3rd period - Jean-Gabriel Pageau wins face-off versus Elias Lindholm in Panthers zone.
17:07 of 3rd period - Kris Letang is hit by Matthew Tkachuk and loses puck.
17:35 of 3rd period - Minor Penalty to Matthew Tkachuk for Holding.
17:36 of 3rd period - Jean-Gabriel Pageau wins face-off versus Leon Draisaitl in Panthers zone.
17:58 of 3rd period - Shot by Kris Letang.
17:58 of 3rd period - Stopped by Philipp Grubauer without a rebound.
17:59 of 3rd period - Elias Lindholm wins face-off versus Derek Grant in Panthers zone.
17:59 of 3rd period - Elias Lindholm is hit by Jeff Petry.
18:22 of 3rd period - Shot by Kevin Fiala.
18:22 of 3rd period - Shot Blocked by Jeff Petry.
18:24 of 3rd period - Shot by Rasmus Ristolainen.
18:24 of 3rd period - Stopped by Philipp Grubauer without a rebound.
18:25 of 3rd period - Jean-Gabriel Pageau wins face-off versus Leon Draisaitl in Panthers zone.
18:50 of 3rd period - Shot by Rasmus Dahlin.
18:50 of 3rd period - Shot Misses the Net.
19:40 of 3rd period - Shot by Lars Eller.
19:40 of 3rd period - Stopped by Philipp Grubauer without a rebound.
19:41 of 3rd period - Dylan Larkin wins face-off versus Lars Eller in Panthers zone.
Goals for this period are 2 for Panthers vs 0 for Sabres.
Shots for this period are 5 for Panthers vs 6 for Sabres.

Overtime #1


0:01 of 1st overtime period - Leon Draisaitl wins face-off versus Aleksander Barkov in neutral zone.
0:04 of 1st overtime period - Shot by Leon Draisaitl.
0:04 of 1st overtime period - Stopped by Philipp Grubauer with a rebound.
0:28 of 1st overtime period - Shot by Ryan Nugent-Hopkins.
0:28 of 1st overtime period - Stopped by Philipp Grubauer without a rebound.
0:29 of 1st overtime period - Aleksander Barkov wins face-off versus Leon Draisaitl in Panthers zone.
0:33 of 1st overtime period - Off-side.
0:34 of 1st overtime period - Leon Draisaitl wins face-off versus Aleksander Barkov in neutral zone.
2:22 of 1st overtime period - Icing by Elias Lindholm.
2:23 of 1st overtime period - Jean-Gabriel Pageau wins face-off versus Elias Lindholm in Sabres zone.
2:38 of 1st overtime period - Shot by Alex Ovechkin.
2:38 of 1st overtime period - Shot Blocked by Rasmus Ristolainen.
2:43 of 1st overtime period - Off-side.
2:44 of 1st overtime period - Aleksander Barkov wins face-off versus Leon Draisaitl in neutral zone.
3:06 of 1st overtime period - Shot by Kris Letang.
3:06 of 1st overtime period - Goal by Kris Letang - Panthers : 2 - Sabres : 3.
Goals for this period are 0 for Panthers vs 1 for Sabres.
Shots for this period are 0 for Panthers vs 3 for Sabres.